 Dungeon Crawl Stone Soup version 0.27-a0-328-g7f782ed93a (webtiles) character file.

Game seed: 1418116701068312430

211350 kae the Executioner (level 18, -5/146 HPs)
             Began as a Hill Orc Fighter on Feb 11, 2021.
             Was the Champion of Qazlal.
             Hit by a silver javelin thrown by a merfolk javelineer (17 damage)
             ... on level 4 of the Shoals.
             The game lasted 00:39:37 (44593 turns).

kae the Executioner (Hill Orc Fighter)             Turns: 44593, Time: 00:39:38

Health: -5/146     AC: 41    Str: 27    XL:     18   Next: 88%
Magic:  32/32      EV: 13    Int: 10    God:    Qazlal [******]
Gold:   1372       SH: 13    Dex: 10    Spells: 17/17 levels left

rFire    . . .     SeeInvis .   x - +9 battleaxe (flame)
rCold    . . .     Faith    .   (shield currently unavailable)
rNeg     + + .     Spirit   .   T - +8 storm dragon scales
rPois    .         Reflect  +   o - +2 helmet "Leiq" {rN++ Int+2}
rElec    +         Harm     .   Y - +2 cloak
rCorr    .         Rampage  .   r - +1 pair of gloves
Will     +++..                  p - +2 pair of boots
Stlth    ..........             B - amulet of reflection
HPRegen  0.34/turn              m - ring of willpower
MPRegen  0.23/turn              V - ring of willpower

@: protected from physical damage, studying Stealth, repel missiles
A: frail 1
}: 1/15 runes: gossamer
a: Renounce Religion, Upheaval, Elemental Force, Disaster Area


You were on level 4 of the Shoals.
You worshipped Qazlal.
Qazlal was exalted by your worship.
You visited 6 branches of the dungeon, and saw 32 of its levels.
You also visited: Bailey.

You collected 4434 gold pieces.
You spent 3062 gold pieces at shops.

Inventory:

Hand Weapons
 x - a +9 battleaxe of flaming (weapon)
Armour
 o - the +2 helmet "Leiq" (worn) {rN++ Int+2}
   (You found it on level 7 of the Dungeon)

   It affects your intelligence (+2).
   It greatly protects you from negative energy.
 p - a +2 pair of boots (worn)
 r - a +1 pair of gloves (worn)
 T - +8 storm dragon scales (worn)
 Y - a +2 cloak (worn)
Jewellery
 b - a ring of poison resistance
 m - a ring of willpower (left hand)
 y - a ring of flight
 B - an amulet of reflection (around neck)
 E - an amulet of faith
 F - a ring of fire
 K - a ring of ice
 L - a ring of protection from fire
 Q - a +6 ring of dexterity
 R - a ring of protection from cold
 S - a ring of positive energy
 U - a +4 ring of protection
 V - a ring of willpower (right hand)
 X - a +4 ring of protection
Wands
 a - a wand of digging (3)
 c - a wand of charming (3)
 j - a wand of polymorph (7)
 v - a wand of mindburst (20)
 w - a wand of flame (23)
 C - a wand of random effects (43)
 G - a wand of paralysis (13)
 H - a wand of iceblast (20)
 M - a wand of acid (27)
Scrolls
 f - 7 scrolls of immolation
 h - 18 scrolls of teleportation
 k - 7 scrolls of magic mapping
 q - 3 scrolls of fear
 t - 5 scrolls of amnesia
 I - 15 scrolls of identify
 J - a scroll of blinking
 W - 3 scrolls of enchant weapon
 Z - 2 scrolls of vulnerability
Potions
 d - 6 potions of might
 e - 6 potions of flight
 g - 6 potions of brilliance
 i - 4 potions of heal wounds
 l - 9 potions of curing
 n - a potion of invisibility
 s - 9 potions of lignification
 u - 3 potions of mutation
 z - 4 potions of berserk rage
 A - 4 potions of haste
 D - 10 potions of ambrosia
 N - 2 potions of resistance
 O - 3 potions of magic
 P - 3 potions of attraction


   Skills:
 + Level 15.5 Fighting
 * Level 21.7 Axes
 + Level 14.2 Armour
 + Level 11.2 Dodging
 - Level 3.2 Shields
 * Level 20.7 Invocations


You had 17 spell levels left.
You didn't know any spells.
Your spell library contained the following spells:

 Spells                   Type           Power        Failure   Level
 Animate Skeleton         Necr           0%           80%         1
 Apportation              Tloc           0%           80%         1
 Beastly Appendage        Tmut           0%           80%         1
 Corona                   Hex            0%           80%         1
 Freeze                   Ice            0%           80%         1
 Magic Dart               Conj           0%           80%         1
 Sting                    Tmut/Pois      0%           80%         1
 Summon Small Mammal      Summ           0%           80%         1
 Blink                    Tloc           N/A          91%         2
 Call Imp                 Summ           0%           91%         2
 Corpse Rot               Necr/Air       N/A          91%         2
 Slow                     Hex            0%           91%         2
 Wereblood                Tmut           0%           91%         2
 Call Canine Familiar     Summ           0%           99%         3
 Conjure Flame            Conj/Fire      0%           99%         3
 Frozen Ramparts          Ice            0%           99%         3
 Gell's Gravitas          Tloc           0%           99%         3
 Lesser Beckoning         Tloc           0%           99%         3
 Mephitic Cloud           Conj/Pois/Air  0%           99%         3
 Ozocubu's Armour         Ice            0%           99%         3
 Spider Form              Tmut/Pois      0%           99%         3
 Summon Guardian Golem    Hex/Summ       0%           99%         3
 Teleport Other           Tloc           0%           99%         3
 Tukima's Dance           Hex            0%           99%         3
 Hailstorm                Conj/Ice       0%           100%        4
 Ice Form                 Ice/Tmut       0%           100%        4
 Olgreb's Toxic Radiance  Pois           0%           100%        4
 Passage of Golubria      Tloc           N/A          100%        4
 Summon Ice Beast         Ice/Summ       0%           100%        4
 Summon Lightning Spire   Summ/Air       0%           100%        4
 Alistair's Intoxication  Tmut/Pois      0%           100%        5
 Blade Hands              Tmut           0%           100%        5
 Irradiate                Conj/Tmut      0%           100%        5
 Summon Forest            Summ/Tloc      0%           100%        5
 Summon Mana Viper        Hex/Summ       0%           100%        5
 Conjure Ball Lightning   Conj/Air       0%           100%        6
 Hydra Form               Tmut           0%           100%        6
 Invisibility             Hex            0%           100%        6
 Shadow Creatures         Summ           N/A          100%        6
 Statue Form              Tmut/Erth      0%           100%        6
 Dragon Form              Tmut           0%           100%        7
 Summon Hydra             Summ           0%           100%        7


Dungeon Overview and Level Annotations

Branches:
Dungeon (15/15)            Temple (1/1) D:4            Lair (6/6) D:11
 Shoals (4/4) Lair:4       Spider (4/4) Lair:2        Slime (0/5) Lair:5
    Orc (2/2) D:9             Elf (0/3) Orc:2        Vaults (0/5) D:14
 Depths (0/5) D:15         Bailey (visited)

Altars:
Ashenzari
Cheibriados
Dithmenos
Elyvilon
Fedhas
Gozag
Hepliaklqana
Kikubaaqudgha
Makhleb
Nemelex Xobeh
Okawaru
Qazlal
Ru
Sif Muna
Trog
Uskayaw
Vehumet
Wu Jian
Xom
Yredelemnul
Zin
The Shining One
Beogh

Shops:
D:7 ?   D:9 ?   D:11 :   Orc:1 *:*:   Orc:2 [==[   Shoals:2 =   Shoals:3 :

Annotations:
Spider:3 2 transporters
Orc:1 3 runed translucent doors, surr's ghost, journeyman VSEE


Innate Abilities, Weirdness & Mutations

You are frail. (-10% HP)


Message History

The alligator snapping turtle is struck by lightning.
The alligator snapping turtle bites you from afar.
* * * LOW HITPOINT WARNING * * *
The merfolk javelineer throws a silver javelin.
The silver javelin pierces through you.
* * * LOW HITPOINT WARNING * * *
The silver sears you!
* * * LOW HITPOINT WARNING * * *
You miss the merfolk javelineer.
The merfolk javelineer is severely wounded.
The merfolk javelineer hits you but does no damage.
Your unstable footing causes you to fumble your attack.
The merfolk javelineer throws a silver javelin.
The silver javelin misses you.
You block the alligator snapping turtle's attack.
The merfolk javelineer closely misses you.
Your unstable footing causes you to fumble your attack.
The merfolk javelineer throws a silver javelin.
The silver javelin barely misses you.
The alligator snapping turtle bites you from afar.
* * * LOW HITPOINT WARNING * * *
You feel more protected from physical attacks.
Blink to where?
Press: ? - help, Dir - move target
As you read the scroll of blinking, it crumbles to dust.
The merfolk javelineer throws a javelin.
The javelin barely misses you.
The merfolk javelineer throws a silver javelin.
The silver javelin pierces through you but does no damage.
The silver sears you!
* * * LOW HITPOINT WARNING * * *
The merfolk javelineer throws a javelin.
The javelin pierces through you but does no damage.
The merfolk javelineer throws a silver javelin.
The silver javelin completely misses you.
The merfolk javelineer throws a javelin.
The javelin barely misses you.
The merfolk javelineer throws a silver javelin.
The silver javelin pierces through you!
You die...

..............≈≈≈≈≈≈
..............≈≈≈≈≈≈≈≈
................≈≈≈≈≈≈
.................≈≈≈≈≈
...####≈##.......≈≈≈≈≈
.. ## #.......≈≈≈≈≈
###.§..○≈≈≈≈≈
#..○...≈≈≈≈≈
#.○○@○.≈≈≈≈≈
##.§○...≈≈≈≈
##°.°○..≈≈≈≈
#≈..°°..≈≈≈≈ ≈
##≈......≈≈≈≈ ≈≈≈
######$.......≈≈≈≈
≈≈≈≈c##≈#≈)).......≈≈≈≈≈
≈≈≈≈≈tm§)mm)≈......≈≈≈≈≈
≈≈≈≈≈m≈≈≈≈≈≈≈≈≈≈≈≈≈≈≈≈≈≈


You could see a merfolk javelineer.

Vanquished Creatures
  Jorgrun (Spider:2)
  Polyphemus (Shoals:3)
  Kirke (D:14)
  A frost giant (Shoals:4)
  3 ghost moths (Spider:4)
  5 emperor scorpions
  2 stone giants (Shoals:1)
  2 entropy weavers
  A spark wasp (Spider:4)
  6 dire elephants (Lair:6)
  Snorg (D:14)
  4 merfolk impalers
  3 merfolk javelineers
  5 hydras
  3 vault guards (D:14)
  Fannar (Lair:1)
  3 boulder beetles
  4 merfolk avatars
  An ogre mage (D:15)
  A death knight (D:15)
  4 catoblepae
  9 two-headed ogres
  A merfolk aquamancer (Shoals:4)
  3 centaur warriors
  An anaconda (Lair:6)
  8 orc high priests (Orc:2)
  Urug (Lair:5)
  3 death yaks (Shoals:3)
  2 skeletal warriors (D:15)
  7 sea snakes
  A flayed ghost (D:15)
  4 unseen horrors
  A necromancer (D:15)
  An oklob plant (D:12)
  11 harpies
  19 orb spiders
  A lindwurm (Lair:3)
  2 orc knights (D:14)
  11 ugly things
  10 fauns
  2 deep elf pyromancers (D:15)
  31 wolf spiders
  14 manticores
  A stone giant zombie (D:15)
  4 cyclopes
  2 orc sorcerers
  An iron dragon skeleton (D:15)
  2 moths of wrath
  11 merfolk sirens
  17 elephants (Lair:6)
  4 water nymphs
  A gargoyle (D:15)
  5 black mambas
  2 torpor snails
  9 cane toads
  A rime drake (Lair:6)
  17 komodo dragons
  A yaktaur (D:14)
  Maggie (D:9)
  3 tengu conjurers
  11 demonic crawlers
  3 freezing wraiths (D:15)
  8 trolls
  17 merfolk
  8 hornets
  A queen bee (D:11)
  30 jumping spiders
  12 snapping turtles
  3 slime creatures (D:15)
  6 wind drakes
  3 dream sheep (Lair:4)
  32 blink frogs
  89 redbacks
  39 tarantellas
  50 yaks
  A shadow (D:13)
  An ice dragon skeleton (D:15)
  2 wraiths
  3 water elementals
  4 wyverns (D:11)
  3 hogs (D:14)
  2 humans (D:14)
  3 basilisks
  A basilisk (shapeshifter) (D:14)
  2 steam dragons
  13 vampire mosquitoes
  A soldier ant (D:15)
  14 wargs
  3 acid dragons
  14 water moccasins
  5 sky beasts
  2 hornet zombies (D:11)
  17 orc warriors
  3 ice beasts
  3 black bears
  2 necrophages
  14 ogres
  16 centaurs
  9 wolves
  4 phantoms
  3 kobold brigands
  9 gnoll sergeants
  23 bullfrogs
  A wyvern zombie (D:12)
  4 scorpions
  18 wights
  55 killer bees
  A tengu zombie (D:15)
  3 howler monkeys
  3 centaur zombies
  3 electric eels
  A bullfrog zombie (D:11)
  A lava snake (Lair:4)
  2 centaur skeletons
  12 hounds
  17 jellies
  6 gnoll shamans (Bailey)
  39 orc priests
  20 iguanas
  31 orc wizards
  9 worker ants
  A hound zombie (D:6)
  A hound skeleton (D:7)
  A worker ant zombie (D:9)
  23 gnolls
  A howler monkey skeleton (D:5)
  10 adders
  3 shadow imps
  2 white imps
  5 ufetubi
  2 oozes (Lair:5)
  2 adder skeletons
  An adder zombie (D:5)
  6 worms
  3 dart slugs (D:1)
  14 leopard geckos
  110 orcs
  6 giant cockroaches
  12 goblins
  4 hobgoblins
  6 jackals
  5 quokkas
  4 bats
  12 frilled lizards
  A giant cockroach zombie (D:6)
  19 kobolds
  A leopard gecko skeleton (D:7)
  10 rats
1258 creatures vanquished.

Vanquished Creatures (collateral kills)
  A warg (Orc:1)
  A wolf (Orc:1)
  2 ogres (Orc:1)
  An orc wizard (Orc:1)
  4 orcs (Orc:1)
9 creatures vanquished.

Vanquished Creatures (others)
  Nessos (Orc:2)
  A merfolk siren (Shoals:3)
  A merfolk (Shoals:4)
  27 fungi
  131 plants
  8 withered plants (D:15)
169 creatures vanquished.

Grand Total: 1436 creatures vanquished

Notes
Turn   | Place    | Note
-------+----------+-------------------------------------------
     0 | D:1      | kae the Hill Orc Fighter began the quest for the Orb.
     0 | D:1      | Reached XP level 1. HP: 19/19 MP: 1/1
     1 | D:1      | You fall into a shaft and drop 1 floor!
    37 | D:2      | Reached skill level 3 in Axes
    37 | D:2      | Reached XP level 2. HP: 13/27 MP: 2/2
   626 | D:1      | Reached XP level 3. HP: 30/33 MP: 3/3
  1386 | D:2      | Found a glowing golden altar of the Shining One.
  1419 | D:2      | Reached skill level 1 in Dodging
  1607 | D:2      | Reached skill level 4 in Axes
  1664 | D:2      | Reached XP level 4. HP: 40/40 MP: 4/4
  2221 | D:3      | Noticed a phantom
  2236 | D:3      | Killed a phantom
  2237 | D:3      | Reached skill level 5 in Axes
  2237 | D:3      | Reached XP level 5. HP: 32/47 MP: 5/5
  2953 | D:4      | Noticed a centaur
  2953 | D:4      | Noticed a centaur
  2958 | D:4      | Killed a centaur
  2959 | D:4      | Reached XP level 6. HP: 49/55 MP: 6/6
  2963 | D:4      | Reached skill level 5 in Fighting
  2963 | D:4      | Reached skill level 6 in Axes
  3082 | D:4      | Reached XP level 7. HP: 61/61 MP: 7/7
  3290 | D:4      | Found a staircase to the Ecumenical Temple.
  3370 | Temple   | Entered the Ecumenical Temple
  3674 | D:4      | Reached skill level 7 in Axes
  3677 | D:4      | Reached skill level 5 in Armour
  4696 | D:5      | Entered Level 5 of the Dungeon
  4845 | D:5      | Reached XP level 8. HP: 69/70 MP: 8/8
  5124 | D:5      | Found a shimmering blue altar of Sif Muna.
  5219 | D:5      | Reached skill level 8 in Axes
  5252 | D:5      | Found a stormy altar of Qazlal.
  5681 | D:5      | Became a worshipper of Qazlal Stormbringer
  5879 | D:6      | Reached skill level 1 in Invocations
  6120 | D:6      | Noticed a two-headed ogre
  6193 | D:6      | Killed a two-headed ogre
  6194 | D:6      | Reached skill level 9 in Axes
  6194 | D:6      | Reached XP level 9. HP: 51/78 MP: 9/12
  6853 | D:6      | Reached * piety under Qazlal
  6854 | D:6      | Reached skill level 5 in Invocations
  7119 | D:7      | Got a shimmering helmet
  7125 | D:7      | Identified the +2 helmet "Leiq" {rN++ Int+2} (You found it
                  | on level 7 of the Dungeon)
  7210 | D:7      | Found a hazy altar of Hepliaklqana.
  7210 | D:7      | Found a blossoming altar of Fedhas.
  7218 | D:7      | Found a faded altar of an unknown god.
  7220 | D:7      | Found a white marble altar of Elyvilon.
  7266 | D:7      | Found a sacrificial altar of Ru.
  7797 | D:7      | Reached skill level 10 in Axes
  8036 | D:7      | Found Sogononu's Magic Scroll Boutique.
  8040 | D:7      | Bought a scroll of identify for 30 gold pieces
  8040 | D:7      | Bought a scroll of identify for 30 gold pieces
  8040 | D:7      | Bought a scroll of noise for 15 gold pieces
  8246 | D:7      | Found a burning altar of Makhleb.
  8806 | D:8      | Found a broken altar of Ashenzari.
  8840 | D:8      | Reached XP level 10. HP: 40/88 MP: 15/15
  9940 | D:8      | Reached ** piety under Qazlal
  9941 | D:8      | Reached skill level 11 in Axes
 10070 | D:9      | Found Barustri's Magic Scroll Emporium.
 10133 | D:9      | Bought a scroll of identify for 24 gold pieces
 10133 | D:9      | Bought 2 scrolls of identify for 48 gold pieces
 10184 | D:9      | Found a white marble altar of Elyvilon.
 10189 | D:9      | Found a staircase to the Orcish Mines.
 10451 | D:9      | Noticed Maggie
 10458 | D:9      | Killed Maggie
 10459 | D:9      | Reached skill level 5 in Dodging
 10563 | D:9      | Found a white marble altar of Elyvilon.
 10784 | D:10     | Entered Level 10 of the Dungeon
 11299 | D:10     | Noticed a two-headed ogre
 11315 | D:10     | Killed a two-headed ogre
 11316 | D:10     | Reached skill level 12 in Axes
 11442 | D:10     | Reached XP level 11. HP: 90/95 MP: 18/18
 11487 | D:10     | Found a shimmering altar of Xom.
 11543 | D:10     | Reached *** piety under Qazlal
 11939 | D:11     | Found Xoypagh's Book Boutique.
 11983 | D:11     | Reached skill level 10 in Invocations
 12000 | D:11     | Noticed a two-headed ogre
 12006 | D:11     | Killed a two-headed ogre
 12039 | D:11     | Noticed a brown ugly thing
 12055 | D:11     | Killed a brown ugly thing
 12429 | D:11     | Found a staircase to the Lair.
 12439 | D:11     | Reached skill level 13 in Axes
 12782 | D:11     | Noticed a manticore
 12790 | D:11     | Killed a manticore
 13227 | D:11     | Found a glowing golden altar of the Shining One.
 13252 | D:11     | Reached **** piety under Qazlal
 13666 | D:11     | Reached XP level 12. HP: 106/106 MP: 20/20
 13987 | D:11     | Reached skill level 10 in Fighting
 14462 | D:12     | Noticed a boulder beetle
 14467 | D:12     | Killed a boulder beetle
 14543 | D:12     | Found a basalt altar of Yredelemnul.
 14638 | D:12     | Reached skill level 14 in Axes
 15499 | D:13     | Reached ***** piety under Qazlal
 15602 | D:13     | Noticed a two-headed ogre
 15611 | D:13     | Killed a two-headed ogre
 15612 | D:13     | Noticed a five-headed hydra
 15622 | D:13     | Killed a five-headed hydra
 15878 | D:13     | Noticed a two-headed ogre
 15885 | D:13     | Killed a two-headed ogre
 15972 | D:13     | Noticed a five-headed hydra
 15987 | D:13     | Killed a one-headed hydra
 16401 | D:13     | Noticed a centaur warrior
 16409 | D:13     | Killed a centaur warrior
 16608 | Lair:1   | Entered Level 1 of the Lair of Beasts
 16695 | Lair:1   | Reached XP level 13. HP: 113/115 MP: 22/22
 16698 | Lair:1   | Reached skill level 15 in Axes
 16907 | Lair:1   | Noticed Fannar
 16915 | Lair:1   | Killed Fannar
 17257 | Lair:1   | Reached skill level 10 in Armour
 18384 | Lair:2   | Found a hole to the Spider Nest.
 20305 | Lair:3   | Reached skill level 16 in Axes
 21069 | Lair:4   | Found a staircase to the Shoals.
 21136 | Lair:4   | Reached XP level 14. HP: 115/125 MP: 24/24
 21187 | Lair:4   | You fall into a shaft and drop 1 floor!
 21196 | Lair:5   | Noticed Urug
 21205 | Lair:5   | Killed Urug
 22008 | Lair:4   | Reached skill level 15 in Invocations
 22674 | Lair:5   | Found a staircase to the Slime Pits.
 23120 | Lair:6   | Entered Level 6 of the Lair of Beasts
 23157 | Lair:6   | Reached ****** piety under Qazlal
 23256 | Lair:6   | Reached skill level 17 in Axes
 24577 | Lair:6   | Noticed a dire elephant
 24577 | Lair:6   | Noticed a dire elephant
 24584 | Lair:6   | Killed a dire elephant
 24593 | Lair:6   | Killed a dire elephant
 24753 | Lair:6   | Noticed a dire elephant
 24758 | Lair:6   | Noticed a dire elephant
 24764 | Lair:6   | Killed a dire elephant
 24765 | Lair:6   | Reached XP level 15. HP: 107/134 MP: 27/27
 26057 | Orc:1    | Entered Level 1 of the Orcish Mines
 26074 | Orc:1    | Found Ganuiq's Book Emporium.
 26106 | Orc:1    | Found Riupsoaz's Book Shop.
 26483 | Orc:1    | Found a runed translucent gate.
 26484 | Orc:1    | Found a runed translucent gate.
 26485 | Orc:1    | Found a runed translucent gate.
 26485 | Orc:1    | Noticed surr's ghost (journeyman VSEE)
 26505 | Orc:1    | Found Ipnav's General Store.
 26532 | Orc:1    | Found Cillaesch's General Store.
 26544 | Orc:1    | Found a flagged portal.
 26553 | Bailey   | Entered a bailey
 26911 | Orc:1    | Bought 3 scrolls of identify for 90 gold pieces
 26911 | Orc:1    | Bought a scroll of identify for 30 gold pieces
 26919 | Orc:1    | Bought a scroll of identify for 28 gold pieces
 26919 | Orc:1    | Bought a scroll of identify for 28 gold pieces
 27186 | Orc:2    | Entered Level 2 of the Orcish Mines
 27186 | Orc:2    | Noticed Nessos
 27191 | Orc:2    | Killed Nessos
 27208 | Orc:2    | Reached skill level 18 in Axes
 27748 | Orc:2    | Gained mutation: You are frail. (-10% HP) [a neqoxec]
 28585 | Orc:2    | Found a staircase to the Elven Halls.
 28648 | Orc:2    | Found a roughly hewn altar of Beogh.
 28657 | Orc:2    | Found Reet Bopp's Jewellery Emporium.
 28657 | Orc:2    | Found Wuzuiz's Antique Armour Shop.
 28772 | Orc:2    | Found Rufu's Armour Emporium.
 28772 | Orc:2    | Found Soqelalo's Jewellery Shop.
 29067 | Orc:2    | Bought glowing storm dragon scales for 2739 gold pieces
 29643 | D:14     | Noticed Snorg
 29648 | D:14     | Noticed Kirke
 29649 | D:14     | Killed Snorg
 29662 | D:14     | Noticed a sphinx
 29662 | D:14     | Killed Kirke
 30248 | D:14     | Found a sacrificial altar of Ru.
 30502 | D:14     | Found a gate to the Vaults.
 30854 | D:15     | Entered Level 15 of the Dungeon
 30952 | D:15     | Reached XP level 16. HP: 129/129 MP: 28/28
 31211 | D:15     | Reached skill level 19 in Axes
 31805 | D:15     | Found a staircase to the Depths.
 32426 | Spider:1 | Entered Level 1 of the Spider Nest
 34017 | Spider:2 | Identified the Papyrus of Poisonous Lightness
 34065 | Spider:2 | Reached skill level 10 in Dodging
 34084 | Spider:2 | Noticed Jorgrun
 34095 | Spider:2 | Killed Jorgrun
 34660 | Spider:2 | Found a roughly hewn altar of Beogh.
 34747 | Spider:3 | Reached XP level 17. HP: 136/136 MP: 30/30
 34764 | Spider:3 | Reached skill level 20 in Axes
 35497 | Spider:3 | Found a transporter.
 35701 | Spider:3 | Found a transporter.
 35900 | Spider:4 | Entered Level 4 of the Spider Nest
 36013 | Spider:4 | Paralysed by a hornet for 3 turns
 38287 | Spider:3 | HP: 5/138 [poisoned by an emperor scorpion]
 39166 | Spider:4 | Got a gossamer rune of Zot
 39430 | Shoals:1 | Entered Level 1 of the Shoals
 39618 | Shoals:1 | Reached XP level 18. HP: 132/145 MP: 31/31
 40172 | Shoals:1 | Reached skill level 21 in Axes
 40206 | Shoals:1 | Reached skill level 15 in Fighting
 42337 | Shoals:2 | Found Yplofuxe's Jewellery Boutique.
 42727 | Shoals:3 | Noticed Polyphemus
 42755 | Shoals:3 | Killed Polyphemus
 43233 | Shoals:3 | Found Xaifitro's Book Boutique.
 44177 | Shoals:4 | Entered Level 4 of the Shoals
 44593 | Shoals:4 | Hit by a silver javelin thrown by a merfolk javelineer

Illustrated notes

Levels and vault maps discovered:
D:1:      dpeg_arrival_simpleton_b, layout_loops_corners, minmay_close_crescents
D:2:      layout_basic, lemuel_crystal_altar, ebering_dispersal_statue_hall
D:3:      layout_basic
D:4:      layout_loops_ring, minmay_temple_entry_stoned_glass,
          minmay_manual_mares
D:5:      layout_loops_corners, marbit_many_paths, kennysheep_little_box
D:6:      layout_cave_pods, grunt_decor_clamped
D:7:      layout_basic, makhleb_blood_cavern_becter,
          chequers_temple_overflow_minitemple, serial_shops,
          nicolae_shop_crystal, hangedman_abyss_or_decor_passed,
          patterned_corridor
D:8:      layout_basic, overflow_temple_1_default
D:9:      layout_cave_pools, orc_0_dummy, basic_altar, serial_shops, shop,
          amcnicky_altar_gilded, uniq_maggie
D:10:     layout_basic, basic_altar, dk_noncrumbling_2
D:11:     layout_basic, minmay_lair_entry_grove, serial_shops,
          kennysheep_mini_moat, basic_altar, special_room [special_room_bee]
D:12:     layout_stronghold, lemuel_oklob_altar
D:13:     layout_loops_ring
D:14:     layout_long_grid, grunt_vaults_entry_fortified,
          nicolae_ru_path_of_blood, nrook_campfire, uniq_kirke, uniq_snorg
D:15:     gammafunk_depths_entry_grave, layout_gridville, drop_trap
Temple:   oiseaux_autumnal_temple
Lair:1:   lemuel_reptile_caves, layout_layer_cave, serial_bayou_shore_a,
          uniq_fannar
Lair:2:   layout_gridlike, spider_nest_entry_funnel_web, serial_forest,
          infiniplex_forest_clump_long, infiniplex_forest_lined_corner,
          infiniplex_forest_lined_2, infiniplex_forest_clump_diagonal,
          infiniplex_forest_fountain, infiniplex_forest_diagonal,
          infiniplex_forest_straight_3, infiniplex_forest_corner_2,
          infiniplex_forest_zigzag_1, chequers_serial_rivers_large_b
Lair:3:   statuecave_lemuel, layout_layer_cave
Lair:4:   layout_gridlike, minmay_shoals_entry_centaurs
Lair:5:   layout_regular_city, minmay_slime_entry_jelly_boxes,
          grunt_megastairs_4, serial_bayou_shore_b, uniq_urug
Lair:6:   due_jungle_book, layout_hall_layers
Shoals:1: layout_shoals, hangedman_shoals_cup_caves
Shoals:2: layout_shoals, nicolae_shoals_c_island
Shoals:3: nzn_motion_control, layout_shoals, serial_shops,
          nicolae_shop_statue_plus, uniq_polyphemus
Shoals:4: shoals_end_grunt_ice, layout_shoals
Spider:1: layout_spider_delve, einodemon_crawler_minivault
Spider:2: nicolae_spider_mines_2, drop_trap, uniq_jorgrun
Spider:3: gammafunk_boulding_lane, hangedman_spider_tarantella_strand
Spider:4: spider_rune_water
Orc:1:    layout_caves, enter_bailey_2, serial_shops, shop, shop, shop, shop,
          gammafunk_ghost_split, mines5_lemuel
Orc:2:    st_orc_town, layout_caves, uniq_nessos

Skill      XL: |  1  2  3  4  5  6  7  8  9 10 11 12 13 14 15 16 17 18 |
---------------+-------------------------------------------------------+-----
Axes           | 3 4 5 6 7 9 10 12 13 14 16 17 18 19 20 21 | 21.7
Fighting       | 4 5 6 7 8 9 10 11 12 13 14 15 | 15.5
Dodging        | 1 2 3 4 5 6 7 8 9 10 11 | 11.2
Armour         | 4 5 6 7 8 9 10 11 12 13 14 | 14.2
Invocations    | 4 7 9 11 13 14 16 17 18 19 20 | 20.7
Shields        | |  3.2

Action                   |  1- 3 |  4- 6 |  7- 9 | 10-12 | 13-15 | 16-18 || total
-------------------------+-------+-------+-------+-------+-------+-------++-------
Melee: War axe           |   102 |   117 |   170 |       |       |       ||   389
       Battleaxe         |       |       |   185 |   581 |   941 |  1026 ||  2733
Invok: Upheaval          |       |       |       |     9 |     1 |     6 ||    16
       Elemental Force   |       |       |       |       |     1 |       ||     1
Evoke: Wand              |       |       |     2 |     7 |     5 |     3 ||    17
  Use: Scroll            |       |     8 |     8 |    11 |    18 |     9 ||    54
       Potion            |       |       |       |     3 |       |     4 ||     7
 Stab: Paralysed         |       |       |       |     1 |       |       ||     1
       Petrified         |       |       |       |       |       |     4 ||     4
Armor: Scale mail        |    45 |    62 |   233 |   263 |   180 |       ||   783
       Storm dragon scal |       |       |       |       |    23 |   719 ||   742
Dodge: Dodged            |    29 |    34 |   201 |   256 |   309 |   559 ||  1388
       Repelled          |       |       |       |     2 |     6 |     7 ||    15
Block: Kite shield       |    51 |    57 |    79 |       |       |       ||   187
       Other             |       |       |    15 |   240 |   449 |   698 ||  1402
       Reflection        |       |       |       |    11 |    16 |    27 ||    54

Table legend: (Time is in decaauts)
 A = Elapsed time spent in this place.
 B = Non-inter-level travel time spent in this place.
 C = Inter-level travel time spent in this place.
 D = Time resting spent in this place.
 E = Time spent auto-exploring this place.
 F = Levels seen in this place.
 G = Mean time per level.
                   A        B        C        D        E       F      G
               +--------+--------+--------+--------+--------+-----+--------+
         Total |  44887 |  42552 |   2335 |   6097 |  30214 |  33 | 1360.2 |
       Dungeon |  19943 |  18616 |   1327 |   1380 |  14297 |  15 | 1329.5 |
        Temple |    245 |    234 |     11 |      0 |    233 |   1 |  245.0 |
          Lair |  10026 |   9525 |    501 |   1212 |   7397 |   6 | 1671.0 |
        Shoals |   5331 |   5170 |    161 |   1085 |   3274 |   4 | 1332.8 |
   Spider Nest |   6336 |   6148 |    188 |   2210 |   3101 |   4 | 1584.0 |
  Orcish Mines |   2676 |   2531 |    145 |    210 |   1738 |   2 | 1338.0 |
        Bailey |    328 |    328 |      0 |      0 |    172 |   1 |  328.0 |
               +--------+--------+--------+--------+--------+-----+--------+

Top non-repeatable levels by time:
  Lair:6: 2715 daAuts
Spider:3: 2482 daAuts
    D:11: 2383 daAuts
Shoals:1: 2263 daAuts
  Lair:2: 2013 daAuts
  Lair:1: 1930 daAuts
     D:8: 1716 daAuts
    D:14: 1686 daAuts
Spider:4: 1681 daAuts
    D:10: 1640 daAuts
Shoals:3: 1434 daAuts
Shoals:2: 1418 daAuts
     D:6: 1401 daAuts
   Orc:2: 1387 daAuts
     D:7: 1345 daAuts
